AoeStats
← ITZ | AutocavS

Arabia

509258052Analyzed
2v2 RM · 7d ago on Sep 26, 2026· 18m 53s· 4 players
Game mode
Random Map
Map size
Medium (4 player)
Population
200
Speed
Normal
Resources
Standard
Victory
Conquest
Starting age
Dark Age
Ending age
Imperial Age
RankedLock teamsTeams togetherTeam positionsShared explorationLock speedFull tech treeHidden civsTurbo modeCheats
Victory
Defeat
🇬🇹 Teutons · Guatemala
1486
+14
🇬🇹 Saracens · Guatemala
1376
+18
🇦🇷 Maya · Argentina
1434
-16
🇦🇷 Franks · Argentina
1421
-16
ITZ | Cappe73
0:25 Loom
9:36 Feudal Age
12:50 Double-Bit Axe
ITZ | AutocavS
6:04 Loom
9:01 Feudal Age
9:51 Double-Bit Axe
Ares2809
6:07 Loom
9:10 Feudal Age
9:53 Double-Bit Axe
15:43 Forging
17:29 Horse Collar
Balam
6:26 Loom
8:50 Feudal Age
11:15 Double-Bit Axe
Connection lost

Rejoining the realm…

Still unreachable

The connection could not be restored.

Session expired

The server has moved on; the page needs a fresh start.